 Dungeon Crawl Stone Soup version 0.27.0-1-g7a089689b8 (webtiles) character file.

Game seed: 8999607329432424310

4 MajorAdolf the Magician (level 1, -2/18 HPs)
             Began as a Naga Wanderer on Aug 9, 2021.
             Slain by a quokka (4 damage)
             ... on level 1 of the Dungeon.
             The game lasted 00:01:04 (340 turns).

MajorAdolf the Magician (Naga Wanderer)              Turns: 340, Time: 00:01:05

Health: -2/18      AC:  0    Str: 13    XL:     1   Next: 60%
Magic:  1/4        EV:  9    Int: 14    God:
Gold:   10         SH:  0    Dex:  9    Spells: 5/6 levels left

rFire    . . .     SeeInvis +   a - +0 club
rCold    . . .     Faith    .   (no shield)
rNeg     . . .     Spirit   .   (no armour)
rPois    +         Reflect  .   (no helmet)
rElec    .         Harm     .   (no cloak)
rCorr    .         Rampage  .   (no gloves)
Will     .....                  (no barding)
Stlth    +.........             (no amulet)
HPRegen  0.06/turn              (no ring)
MPRegen  0.09/turn              (no ring)

@: very slow
A: AC +0, large, see invisible, deformed body, poison resistance, slowness 2,
spit poison 1, naga tail 1
a: Spit Poison


You were on level 1 of the Dungeon.
You visited 1 branch of the dungeon, and saw 1 of its levels.

You collected 10 gold pieces.

Inventory:

Hand Weapons
 a - a +0 club (weapon)


   Skills:
 - Level 1.0 Fighting
 - Level 1.0 Bows
 - Level 1.0 Throwing
 - Level 1.0 Armour
 + Level 0.9 Stealth
 - Level 1.0 Shields
 + Level 3.0 Spellcasting
 + Level 0.3 Conjurations
 - Level 1.0 Summonings
 - Level 1.0 Fire Magic


You had 5 spell levels left.
You knew the following spells:

 Your Spells              Type           Power      Damage    Failure   Level
a - Magic Dart            Conj           12%        1d3       19%         1

Your spell library contained the following spells:

 Spells                   Type           Power      Damage    Failure   Level
 Summon Small Mammal      Summ           16%        N/A       14%         1
 Call Imp                 Summ           4%         N/A       22%         2
 Blink                    Tloc           N/A        N/A       32%         2
 Slow                     Hex            2%         N/A       32%         2
 Call Canine Familiar     Summ           4%         N/A       38%         3
 Conjure Flame            Conj/Fire      4%         6-21      43%         3
 Mephitic Cloud           Conj/Pois/Air  2%         N/A       52%         3


Dungeon Overview and Level Annotations

Branches:
Dungeon (1/15)

Altars:


Innate Abilities, Weirdness & Mutations

Your serpentine skin is tough. (AC +0)
You have supernaturally acute eyesight. (SInv)
Armour fits poorly on your strangely shaped body.
Your system is resistant to poisons. (rPois)
You cover ground very slowly.
You can spit poison.
You have a snake-like lower body.


Message History

A kobold is nearby!
The splash of poison hits the kobold but does no damage.
The kobold throws a stone.
The stone hits you.
Okay, then.
The magic dart hits the kobold.
The kobold is severely wounded.
The kobold throws a stone.
The stone hits you.
You miscast Magic Dart.
You are very lightly contaminated with residual magic.
Nothing appears to happen.
You have got your breath back.
The kobold throws a stone.
The stone barely misses you.
The magic dart hits the kobold.
You kill the kobold!
You miscast Magic Dart.
Nothing appears to happen.
You are too depleted to draw on your mana recklessly!
Unknown command.
Press: ? - help, Shift-Dir - straight line, f/p - quokka
Aim: a quokka The splash of poison misses the quokka.
The quokka barely misses you. The quokka bites you.
Unknown command.
The quokka bites you. The quokka barely misses you.
You have got your breath back.
The quokka barely misses you.
Press: ? - help, Shift-Dir - straight line, f/p - quokka
Aim: a quokka The splash of poison misses the quokka.
The quokka bites you.
Unknown command.
The quokka misses you.
Your magical contamination has completely faded away.
The quokka bites you.
* * * LOW HITPOINT WARNING * * *
Unknown command.
You are too injured to fight recklessly!
Unknown command.
You have got your breath back.
The quokka bites you.
You die...

#)♣♣.♣♣♣♣♣
#......#.#
#.♣.P♣.#
#.######.#
#......# #.#
#.# #..#...###
#.# #.#
#........# #.#
#.# #+######.#
#.# #.# #.#
#.######.#
#r#+#.#......#
#@....#.######
#.....#.#
#.....#.#
#.....#.#
#.....#.#
#.#.#.#.#
#.#.#.#.######
#.#.#.#......#
#.#.#.######.#
#


You could see a quokka.

Vanquished Creatures
  An endoplasm (D:1)
  A giant cockroach (D:1)
  A goblin (D:1)
  A kobold (D:1)
4 creatures vanquished.

Notes
Turn   | Place    | Note
-------+----------+-------------------------------------------
     0 | D:1      | MajorAdolf the Naga Wanderer began the quest for the Orb.
     0 | D:1      | MajorAdolf set off with the following items: a +0 club, a
                  | +0 ring mail; and the following spells available to
                  | memorise: Summon Small Mammal, Magic Dart, Call Imp, Blink,
                  | Slow, Call Canine Familiar, Conjure Flame, Mephitic Cloud
     0 | D:1      | Reached XP level 1. HP: 18/18 MP: 4/4
     2 | D:1      | Learned a level 1 spell: Magic Dart
   340 | D:1      | Slain by a quokka

Illustrated notes

Levels and vault maps discovered:
D:1:      dpeg_arrival_erosion, layout_basic, serial_forest,
          infiniplex_forest_lined_3, infiniplex_forest_end_2,
          infiniplex_forest_straight_1, infiniplex_forest_straight_2,
          infiniplex_forest_lined_ring, infiniplex_forest_join,
          infiniplex_forest_clump_double, shapermc_ecumenical_altar_pompeii

Action                   || total
-------------------------++-------
Melee: Club              ||    13
 Cast: Magic Dart        ||     2
 Abil: Spit Poison       ||     6
Armor: Ring mail         ||    11
Dodge: Dodged            ||    11
